[Event "Saint Louis Super Swiss 2023"]
[Site "Saint Louis"]
[Date "2023.03.14"]
[Round "4.9"]
[White "Swiercz, Dariusz"]
[Black "Caglar, Sila"]
[Result "1-0"]
[ECO "B45"]
[WhiteElo "2646"]
[BlackElo "2280"]
[Annotator "TA"]
[PlyCount "71"]
[EventDate "2023.03.12"]
[EventType "swiss"]
[EventCountry "USA"]
[SourceTitle "playchess.com"]
[Source "ChessBase"]
[SourceQuality "1"]
[TimeControl "5400+30"]

1. e4 c5 2. Nf3 e6 3. d4 cxd4 4. Nxd4 Nf6 5. Nc3 Nc6 6. Nxc6 bxc6 7. e5 Nd5 8. Ne4 Qc7 9. f4 Qb6 10. a3 {[%emt 0:00:06] B45: Sicilian Four Knights.} f5 11. exf6 Nxf6 12. Nxf6+ {[%emt 0:00:06] White is slightly better.} gxf6 13. Qh5+ Kd8 14. Be2 Qc5 {[%emt 0:03:01] [#]} 15. Qxc5 $146 ({Predecessor:} 15. Qh4 Be7 16. Bd2 a5 17. Bc3 Rf8 18. O-O-O Rb8 19. Bd4 Qf5 20. g4 Qxf4+ 21. Kb1 e5 22. Bc3 Qa4 23. Ka2 Qxc2 24. Bxa5+ Ke8 25. Rd2 Rxb2+ 26. Ka1 Ra2# {0-1 Paravyan,D (2617)-Urazayev,A (2420) Titled Tuesday intern op 26th Apr Early blitz 2022 (10)}) 15... Bxc5 16. Bd2 Rg8 17. g4 Kc7 (17... d5 $11) 18. Ba5+ Bb6 19. Bc3 f5 {[%emt 0:06:00] Black is now going downhill.} 20. g5 d6 21. Rf1 Bd7 22. O-O-O e5 23. fxe5 $18 Rxg5 24. Rxd6 Rag8 25. Rfd1 $1 Be8 26. Re6 {[%emt 0:02:17] Threatens to win with Re7+.} Be3+ 27. Kb1 Kb6 {[%emt 0:00:41] Prevents Ba5+} (27... R5g7 $142 28. Ba5+ Bb6) 28. a4 a5 (28... R5g7 {was called for.} 29. b3 Kc7) 29. b4 (29. Rd5 $142 Rg1+ 30. Ka2) 29... Rg1 (29... axb4 $142 30. Bxb4 Bh5 31. a5+ Kb7) 30. bxa5+ Kc5 31. Red6 {[%emt 0:04:32] aiming for Kb2.} Rxd1+ 32. Rxd1 {[%emt 0:00:40] And now Kb2 would win.} ({Weaker is} 32. Bxd1 Bf7 $16) 32... Bf7 {[%emt 0:01:02] [#]} 33. Bb2 $1 Kb4 {[%emt 0:00:34] [#] Repels Ba3+} 34. a6 Kxa4 35. Bd4 Bf4 (35... Bxd4 $18 36. Rxd4+ Ka5) 36. Kb2 {[%emt 0:01:05] Weighted Error Value: White=0.17 (very precise) /Black=0.51} 1-0

[Event "Saint Louis Super Swiss 2023"]
[Site "Saint Louis"]
[Date "2023.03.14"]
[Round "4.10"]
[White "Boros, Denes"]
[Black "Malicka, Maria"]
[Result "1-0"]
[ECO "B12"]
[WhiteElo "2406"]
[BlackElo "2256"]
[Annotator "TA"]
[PlyCount "77"]
[EventDate "2023.03.12"]
[EventType "swiss"]
[EventCountry "USA"]
[SourceTitle "playchess.com"]
[Source "ChessBase"]
[SourceQuality "1"]
[TimeControl "5400+30"]

1. e4 c6 2. d4 d5 3. e5 Bf5 4. Nc3 e6 5. g4 Bg6 6. Nge2 h5 7. Nf4 {[%emt 0:01:23] B12: Caro-Kann: Advance Variation.} Ne7 {[%emt 0:00:07] has lost popularity (7...Bh7).} 8. Nxg6 Nxg6 9. gxh5 {[%emt 0:00:05] White is slightly better.} Ne7 10. Bg5 Qb6 11. Na4 Qa5+ 12. c3 Nd7 13. b4 Qc7 {[%emt 0:00:33][%cal Od7e5] [#]} 14. Qg4 $146 (14. Bd3 $16) ({Predecessor:} 14. Qe2 a5 15. b5 Nc8 16. Rb1 Ncb6 17. bxc6 bxc6 18. Nxb6 Nxb6 19. Qg4 Na4 20. Bd2 {1-0 Ivkina,O (2289)-Paikidze,N (2425) RUS-chT (Women) 12th 2011 (6)}) 14... O-O-O (14... b5 $11 {keeps the balance.}) 15. Be2 {[%emt 0:12:06] White has more active pieces. The black rooks are badly placed.} f6 16. exf6 gxf6 17. Bf4 e5 18. dxe5 fxe5 19. Bg3 (19. Bg5 $16) 19... Ng8 $11 20. b5 (20. Bh4 $11) 20... Ngf6 $15 (20... cxb5 {feels hotter.} 21. Bxb5 Ngf6 22. Qe6 Rxh5 23. O-O Qd6) 21. Qf5 cxb5 22. Bxb5 Rxh5 (22... Bd6 {is interesting.} 23. Rd1 Rh6 24. O-O Kb8) 23. Bxd7+ {[%emt 0:01:21][%mdl 64] Remove Defender} Qxd7 24. Qxf6 {[%emt 0:00:17] And now Nb2 would win.} Qxa4 25. O-O Qc6 (25... Qg4 $5 26. Rfe1 Bd6 $15) 26. Qf3 (26. Bxe5 $11 Qxf6 27. Bxf6) 26... Qg6 $17 27. Rad1 (27. Rae1 $142) 27... Qf5 $2 (27... e4 $1 $17 28. Qe3 b6) 28. Qe2 (28. Qg2 $11) 28... e4 (28... Bc5 $5 ) 29. Rd4 {[%emt 0:00:42] [#]} (29. Rb1 $11 Qg6 30. Rb5) 29... Bd6 (29... Bc5 $1 $17 {White must now prevent ...Rg8.} 30. Rfd1 Bxd4 31. cxd4 Rd7 32. Rc1+ Kd8) 30. c4 Rxh2 $1 {[%emt 0:04:53][%cal Of5h3] ( -> ...Qh3!)} 31. Rxd5 $1 {[%emt 0:00:29][%mdl 64] Double Attack} (31. Kxh2 Rh8+ 32. Kg1 Qh3 33. f4 Rg8 34. Qh2 Rxg3+) (31. Bxh2 {gets mated.} Bxh2+ 32. Kh1 Be5 33. f3 Qh3+ 34. Kg1 Bxd4+) 31... Qh3 32. Qxe4 Bxg3 (32... Rg8 $11 33. Rg5 (33. Qf5+ Qxf5 34. Rxf5 Bxg3 $15) 33... Rh8) 33. Rxd8+ $18 Kxd8 {[%emt 0:00:05] [#]} 34. Rd1+ $1 {[%emt 0:03:31] White mates.} Kc7 35. Qe7+ Kc6 36. Qe8+ Kc7 37. Qd8+ Kc6 38. Qd5+ Kc7 39. Qc5+ {[%emt 0:00:08] A cool game by Boros.   Weighted Error Value: White=0.23 (precise) /Black=0.35} 1-0

[Event "Saint Louis Super Swiss 2023"]
[Site "Saint Louis"]
[Date "2023.03.17"]
[Round "5.1"]
[White "Theodorou, Nikolas"]
[Black "Quesada Perez, Yasser"]
[Result "1/2-1/2"]
[ECO "C09"]
[WhiteElo "2584"]
[BlackElo "2604"]
[Annotator "TA"]
[PlyCount "35"]
[EventDate "2023.03.12"]
[EventType "swiss"]
[EventCountry "USA"]
[TimeControl "5400+30"]

1. e4 c5 2. Nf3 e6 3. c3 d5 4. exd5 exd5 5. d4 Nc6 6. Bb5 Bd6 7. O-O Nge7 8. dxc5 Bxc5 9. Nbd2 O-O 10. Nb3 Bb6 {[%emt 0:00:08] 10...Bb6 scores better than 10...Bd6.} 11. Bd3 h6 12. Bf4 {[%emt 0:10:21] [#] C09: French Tarrasch: 3...c5 4 exd5 exd5 5 Ngf3 Nc6.} Ng6 $146 ({Predecessor:} 12... Bg4 13. h3 Bh5 14. Be2 Re8 15. Re1 Ng6 16. Bg3 Qd7 17. Nfd4 Bxe2 18. Rxe2 Rxe2 19. Qxe2 Nxd4 20. Nxd4 Bxd4 21. cxd4 Re8 {0-1 Mamedov,R (2578)-Dubov,D (2712) Wch Rapid Almaty 2022 (6)}) 13. Bg3 Qf6 14. Nfd4 {[%emt 0:02:56] White has an edge.} Nf4 {[%emt 0:09:23][%cal Rc6d4] The position is equal.} 15. Qd2 Nxd3 16. Qxd3 Nxd4 17. Nxd4 Bxd4 18. Qxd4 {[%emt 0:00:55] A rather calm draw.   Weighted Error Value: White=0.17 (very precise) /Black=0.07 (flawless)} 1/2-1/2

[Event "Saint Louis Super Swiss 2023"]
[Site "Saint Louis"]
[Date "2023.03.17"]
[Round "5.2"]
[White "Antipov, Mikhail Al."]
[Black "Yoo, Christopher Woojin"]
[Result "0-1"]
[ECO "B40"]
[WhiteElo "2581"]
[BlackElo "2591"]
[Annotator "TA"]
[PlyCount "152"]
[EventDate "2023.03.12"]
[EventType "swiss"]
[EventCountry "USA"]
[TimeControl "5400+30"]

1. e4 c5 2. Nf3 e6 3. b3 a6 4. Bb2 d5 5. exd5 exd5 6. Qe2+ {[%emt 0:00:21] B40: Sicilian: 2...e6, Unusual lines.} Be6 7. g3 Nc6 8. d3 {[%emt 0:00:10] [#] The position is equal.} Nge7 $146 ({Predecessor:} 8... Nf6 9. Bg2 Be7 10. O-O Qd7 11. Ng5 Nd8 12. Nxe6 Nxe6 13. Re1 Rc8 14. Bh3 Rc6 {1-0 Bielawska,M-Wojciechowska,B POL-chT2 North U19 2000 (6)}) 9. Nbd2 Nf5 (9... Nb4 $5 10. Kd1 h6 $11) 10. Bh3 Be7 (10... Qe7 $11 {remains equal.}) 11. Bxf5 $16 {[%emt 0:01:55][%mdl 64] Remove Defender} Bxf5 12. Bxg7 Rg8 13. Bf6 Be6 14. Bxe7 Qxe7 15. c3 Qf6 16. Qe3 (16. O-O $16) 16... O-O-O $11 17. Qxc5 $2 (17. O-O $1 $11 {and White is okay.}) 17... Bg4 $19 18. Nd4 Rde8+ (18... Rge8+ $19 19. Kf1 Bh3+ 20. Kg1 Re7) 19. Kf1 $17 Bh3+ 20. Kg1 Qe7 (20... Kb8 $17 {aiming for ...Nxd4.} 21. Nxc6+ (21. Qxd5 Nxd4 22. Qxd4 Qc6 $17) 21... Qxc6 22. Qxc6 bxc6) 21. Qxe7 $15 (21. Qxd5 $2 Qe1+ $19) 21... Rxe7 $40 {[%emt 0:03:10][%mdl 128] Black mounts an attack.} 22. N4f3 Ne5 $1 23. Ne1 (23. Nd4 $1 $15) 23... Rge8 $19 {[%emt 0:01:59] White must now prevent ...Ng4.} 24. Nf1 Ng4 {[%emt 0:03:44] Repels Ne3} 25. Ne3 Nxe3 26. fxe3 Rxe3 27. Ng2 Rf3 28. Nf4 {[%emt 0:01:57] [#] Wards off Re2} Rxf4 29. gxf4 {[%emt 0:00:03][%mdl 4096] Endgame Kf2 would be deadly. KRR-KRB} Re2 30. Rd1 b5 (30... Rxa2 $17 31. f5 f6) 31. d4 (31. a4 $15) 31... Rxa2 $17 {[%emt 0:00:18] Black is much more active.} 32. b4 Kd7 {[%emt 0:00:43][%mdl 1024] Black has strong compensation.} 33. Re1 Kd6 (33... Rg2+ $19 34. Kf1 Rc2+ 35. Kg1 Bg2) 34. f5 Bg2 (34... Bxf5 35. h4 $14) 35. f6 Be4 $19 36. h4 (36. Rc1 $142) 36... Rg2+ $1 ({Stronger than} 36... Bxh1 37. Kxh1 Ra3 38. Re3 $17) 37. Kf1 Rc2 $1 {[%emt 0:00:05][%csl LRc3,LRh1][%mdl 64] Discovered Attack} 38. Kg1 Bxh1 39. Kxh1 Rxc3 {[%emt 0:00:04] KR-KR} 40. Kg2 h5 41. Ra1 Rc6 (41... Kd7 $19 {Hoping for ...Rd3.} 42. Rxa6 Rc4 43. Ra7+ Ke6 44. Re7+ Kxf6) 42. Kf3 $17 Ke6 43. Re1+ Kxf6 44. Re5 Rc4 45. Rxd5 Rxb4 {[%emt 0:00:03] And now ...a5 would win.} 46. Ke4 a5 $1 47. Rxh5 a4 (47... Kg6 $17 48. Rg5+ Kh6) 48. Rh6+ $15 Kg7 49. Ra6 Rb3 50. d5 $1 a3 51. h5 $2 ({White must play} 51. d6 $1 $15 Kf6 52. Kd4) 51... Rb4+ $19 52. Kd3 Rh4 53. d6 {[%emt 0:00:27] Strongly threatening d7.} Rxh5 (53... Kf6 $17 54. h6 b4) 54. Kd4 $2 (54. Ke4 $15) 54... Kf6 55. d7+ Ke7 56. Rxa3 Kxd7 57. Ra6 Ke7 ({Weaker is} 57... f5 58. Rb6 $17) 58. Rb6 f6 59. Ke4 Kf7 60. Rb8 Re5+ 61. Kf4 Rc5 (61... Ke6 $142 62. Rb6+ Ke7) 62. Ke4 Rh5 63. Kf4 Ke6 $2 (63... Re5 $19 {...Ke6 is the strong threat.} 64. Ra8 Ke7) 64. Rb6+ $11 Ke7 $2 (64... Kd7 $11) 65. Ke4 $1 $19 Rc5 $2 (65... Rg5 $19 66. Rb7+ Ke6 67. Rb6+ Kf7 68. Rb7+ Kg6) 66. Rb7+ $15 Ke6 (66... Ke8 $17) 67. Rb6+ $11 Kf7 $2 (67... Kd7 $11 68. Rxf6 Kc7) 68. Rb8 $1 $19 Re5+ (68... Kg7 $142 69. Ke3 Re5+ 70. Kd4 Kg6) 69. Kf4 $1 Ke6 70. Rb6+ {[%emt 0:00:11] [#]} Ke7 $1 71. Kg4 {[%emt 0:00:45] Dodges Rh5} Kd7 $2 ({Black should try} 71... f5+ $19 72. Kf4 Rd5) 72. Kf4 $1 $15 Kc7 ({Avoid the trap} 72... Ke7 $2 73. Ra6 $19) 73. Rxf6 Re1 {[%emt 0:00:10] ( -> ...Rf1+)} 74. Kg3 $2 (74. Ra6 $17) 74... Rd1 $19 {[%emt 0:00:11] Black is clearly winning.} 75. Kf2 {[%emt 0:01:32] [#]} Rd6 $1 76. Rf8 Re6 {[%emt 0:00:15] Weighted Error Value: White=0.40/Black=0.19 (very precise)} 0-1

[Event "Saint Louis Super Swiss 2023"]
[Site "Saint Louis"]
[Date "2023.03.16"]
[Round "5.3"]
[White "Swiercz, Dariusz"]
[Black "Daggupati, Balaji"]
[Result "1-0"]
[ECO "B30"]
[WhiteElo "2646"]
[BlackElo "2513"]
[Annotator "TA"]
[PlyCount "73"]
[EventDate "2023.03.12"]
[EventType "swiss"]
[EventCountry "USA"]
[TimeControl "5400+30"]

1. e4 c5 2. Nf3 Nc6 3. Bb5 e6 4. O-O Nge7 5. Re1 b6 6. c3 {[%emt 0:23:19] B30: Sicilian: 2...Nc6 3 Bb5, lines without ...g6.} a6 7. Bf1 (7. Ba4 $1 $14) 7... d5 $1 $11 8. e5 $5 {[%emt 0:06:21][%mdl 4] The position is equal. An interesting side line.} d4 9. d3 Bb7 10. Nbd2 Ng6 11. g3 Qd5 12. c4 (12. Ne4 $5 ) 12... Qd7 {[%emt 0:00:17] [#]} 13. Qe2 $146 ({Predecessor:} 13. Bg2 O-O-O 14. a3 f6 15. exf6 gxf6 16. Ne4 Be7 17. Bh3 f5 18. Neg5 Bxg5 19. Bxg5 {0-1 Markantonaki,H (2174)-Gajcin,M (2198) EU-chT (Women) 23rd 2021 (9.4)}) 13... O-O-O (13... h5 $11) 14. h4 Be7 15. h5 Nf8 16. Ne4 h6 17. Bg2 {[%emt 0:09:22] White is more active.} g6 {[%emt 0:02:08] [#]} (17... g5 $16) 18. a3 (18. b4 $1 $18 ) 18... gxh5 $14 19. b4 $1 cxb4 $2 {[%emt 0:13:40] This move loses the game for Black.} (19... Ng6 $16 {is a better defense.}) 20. axb4 $18 Nxb4 {[%emt 0:00:07] [#]} 21. Ba3 $1 a5 22. Reb1 (22. Bb2 Rg8 $14) 22... Qc7 {[%emt 0:02:34] [#]} (22... Qc6 $142 23. Nh4 Bxh4) 23. Nd6+ $1 {[%emt 0:01:53][%mdl 512] White is clearly winning.} Bxd6 24. exd6 Qb8 (24... Qxd6 25. Ne5 Bxg2 26. Bxb4 $18) (24... Rxd6 $142 25. Bxb4 axb4) 25. Bxb4 axb4 26. Ne5 Bxg2 27. Kxg2 ({Weaker is} 27. Nxf7 Bb7 $18) 27... Qb7+ 28. Qe4 Qxe4+ 29. dxe4 {[%emt 0:00:01] aiming for Ra8+.} Nd7 30. Nxf7 Kb7 {[%emt 0:00:05] Repels Ra7+} 31. Nxh8 ({Stronger than} 31. Rxb4 Ra8 $14) 31... Rxh8 {[%emt 0:00:06][%mdl 4096] Endgame KRR-KRN} 32. f4 ({Less strong is} 32. Rxb4 Kc6 33. Rb5 Kxd6 $18) 32... Nc5 33. Rxb4 Nxe4 34. Rab1 Nxd6 35. c5 Nf5 36. Rxb6+ Kc7 37. Ra1 {[%emt 0:00:25] Weighted Error Value: White=0.22 (precise) /Black=0.38} 1-0

[Event "Saint Louis Super Swiss 2023"]
[Site "Saint Louis"]
[Date "2023.03.17"]
[Round "5.4"]
[White "Nyzhnyk, Illya"]
[Black "Corrales Jimenez, Fidel"]
[Result "1/2-1/2"]
[ECO "D73"]
[WhiteElo "2654"]
[BlackElo "2489"]
[Annotator "TA"]
[PlyCount "117"]
[EventDate "2023.03.12"]
[EventType "swiss"]
[EventCountry "USA"]
[TimeControl "5400+30"]

1. d4 Nf6 2. Nf3 g6 3. c4 Bg7 4. g3 O-O 5. Bg2 c6 6. Nc3 d5 7. Qb3 dxc4 $1 {[%emt 0:03:56] 7...dxc4 is better than 7...Qb6.} 8. Qxc4 b5 {[%emt 0:00:03] D73: Fianchetto Grünfeld: 5 Nf3 .} (8... Bf5 $11) 9. Qb3 {[%emt 0:02:43] has lost popularity (9.Qd3).} a5 10. O-O a4 {[%emt 0:12:09] White has an edge.} 11. Qc2 {[%emt 0:00:27] [#]} Qa5 $146 ({Predecessor:} 11... Nd5 12. Nxd5 cxd5 13. Qc5 Ba6 14. Bg5 f6 15. Rac1 e6 16. Bf4 Re8 17. Bc7 Qd7 {0-1 Paulsen,D (2365)-Lueders,G (2215) Berlin-ch 1997 (6)}) 12. Ne4 Nd5 (12... Nxe4 $11 13. Qxe4 Qd8) 13. Bd2 Qa7 14. Nc5 Bg4 15. e3 Nd7 16. Rac1 Rac8 17. h3 Bxf3 18. Bxf3 e5 19. dxe5 Nxe5 20. Be2 Nc4 {[%emt 0:06:25][%mdl 64] [#] Discovered Attack} 21. Bxc4 Qxc5 22. Be2 Qe7 23. Bg4 Rc7 24. Rfd1 Nb4 25. Qb1 c5 26. Be2 (26. Bxb4 $14 cxb4 27. Rxc7 Qxc7 28. b3) 26... c4 $11 27. Bc3 Qc5 28. Bxg7 Kxg7 29. a3 Nc6 30. Qc2 Qe5 31. Bf3 (31. Qc3 {simplifies} Qxc3 32. bxc3 Rb8 33. Rd6) 31... Na5 (31... Rd8 $11) 32. Rd5 $14 Qf6 33. Kg2 ({Weaker is} 33. Rxb5 Nb3 34. Rxb3 axb3 $17) 33... Nb3 34. Rcd1 Nc5 35. Rd6 Ne6 36. Bg4 Re8 37. Bxe6 Rxe6 38. Qc3 Rxd6 39. Rxd6 {[%emt 0:00:05][%mdl 64] [#] Pin} Qxc3 40. bxc3 $11 {[%emt 0:00:04][%mdl 4096] Endgame KR-KR} b4 41. axb4 {[%emt 0:01:21][%cal Ba3b4,Bb4b5][%mdl 32] Hoping for Ra6.} Ra7 {[%emt 0:00:04] Wards off Ra6} 42. Rd2 (42. b5 $5) 42... a3 43. Ra2 Kf6 44. b5 Ke5 {[%emt 0:06:17] ...Kd6 would be deadly.} 45. Kf3 Kd6 46. b6 Ra4 {[%emt 0:00:04] Black wants to play ...Kc6.} 47. b7 Kc7 48. Ke4 Kxb7 {[%emt 0:00:05] next ...Kc6 is good for Black.} 49. Kd5 Kb6 {[%emt 0:00:04] Strongly threatening ...Kb5.} 50. Ra1 $1 a2 51. e4 Kb5 $1 52. f4 Ra7 {[%emt 0:00:05] White must now prevent ...Rd7+.} 53. Ke5 $1 Re7+ (53... Ra6 $15 54. Kd5 Ra8) 54. Kd6 Rxe4 55. Rxa2 Re3 56. Rb2+ Ka5 $2 (56... Ka4 $11 {and Black has nothing to worry.}) 57. Kc5 $18 Ka6 58. Kc6 $2 (58. Kxc4 $18 {aiming for Kd4.} Rxg3 59. Rd2) 58... Re6+ (58... Ka7 $1 $11) 59. Kd5 {[%emt 0:00:42] Weighted Error Value: White=0.08 (flawless) /Black=0.17 (very precise)} 1/2-1/2

[Event "Saint Louis Super Swiss 2023"]
[Site "Saint Louis"]
[Date "2023.03.16"]
[Round "5.5"]
[White "Akobian, Varuzhan"]
[Black "Boros, Denes"]
[Result "1/2-1/2"]
[ECO "D61"]
[WhiteElo "2591"]
[BlackElo "2406"]
[Annotator "TA"]
[PlyCount "131"]
[EventDate "2023.03.12"]
[EventType "swiss"]
[EventCountry "USA"]
[TimeControl "5400+30"]

1. d4 d5 2. c4 e6 3. Nf3 Nf6 4. Nc3 Be7 5. Bg5 Nbd7 6. e3 h6 7. Bh4 O-O 8. Qc2 c5 {[%emt 0:00:31] The main line 8...c5 scores better than 8...c6.} 9. cxd5 Nxd5 10. Bxe7 {[%emt 0:00:09] D61: Queen's Gambit Declined: Classical: 7 Qc2.} Nxe7 11. Be2 cxd4 12. Nxd4 Nf6 13. O-O Bd7 14. Bf3 {[%emt 0:01:53] [#]} Qb6 $146 ({Predecessor:} 14... Rb8 15. Rfd1 Qa5 16. a3 Rfc8 17. b4 Qe5 18. Qd2 Rc7 19. Rac1 Rbc8 20. Na2 b6 21. Rxc7 Rxc7 {0-1 Marzano,C (2233)-Hoffmann,M (2441) EU-Cup 34th Porto Carras 2018 (1.2)}) 15. Na4 Qb4 16. Qc5 Qxa4 17. Qxe7 Rfe8 18. Qd6 e5 19. Nb3 Bb5 20. Rfd1 e4 21. Rd4 Qa6 22. Qxa6 Bxa6 23. Bd1 Rac8 {[%emt 0:00:46] Prevents Nc5} 24. h3 Kf8 25. Rd2 Rc7 26. Bc2 Nd7 27. Nd4 Ne5 28. b3 {[%emt 0:02:48] Wards off Nc4} Bd3 29. Bxd3 Nxd3 30. Nb5 Rc6 31. Nxa7 Rc5 {[%emt 0:08:01] [#] ...Ra8 would be deadly.} 32. b4 $1 Rc4 (32... Nxb4 33. Rb1) 33. Nb5 {[%emt 0:01:48] Hoping for Nd6.} Rxb4 34. Nd6 Rd8 35. a3 Ra4 {[%emt 0:00:32] [#]} 36. Nxe4 Rxe4 37. Rad1 b5 38. Rxd3 Rxd3 39. Rxd3 $16 {[%emt 0:00:02][%mdl 4096] Endgame KR-KR} b4 40. axb4 Rxb4 41. g4 h5 42. g5 Rb5 43. h4 Rb2 44. Kg2 Ke7 45. Kg3 Ra2 46. Rb3 g6 47. e4 Ke6 48. Rb6+ Ke7 49. Rb7+ Ke6 50. Rb6+ Ke7 51. f3 Rc2 52. Rb8 Ra2 53. Kf4 $1 Ra3 54. Rb1 Ke6 55. Re1 Ra2 56. Kg3 Rb2 57. Re3 Rb1 58. Ra3 Ke7 59. Kf4 Ke6 60. Ra6+ Ke7 61. Ke5 Rb5+ {[%emt 0:00:02] [#]} 62. Kd4 $1 Rb4+ 63. Ke5 Rb5+ $1 64. Kd4 Rb4+ $1 {[%emt 0:00:06] [#]} 65. Kc5 ({White should play} 65. Ke3 $1 $16) 65... Rb2 $11 66. Kd4 {[%emt 0:00:29] Weighted Error Value: White=0.05 (flawless) /Black=0.03 (flawless)} 1/2-1/2

[Event "Saint Louis Super Swiss 2023"]
[Site "Saint Louis"]
[Date "2023.03.16"]
[Round "5.6"]
[White "Jacobson, Brandon"]
[Black "Stearman, Josiah"]
[Result "1-0"]
[ECO "B50"]
[WhiteElo "2543"]
[BlackElo "2391"]
[Annotator "TA"]
[PlyCount "69"]
[EventDate "2023.03.12"]
[EventType "swiss"]
[EventCountry "USA"]
[TimeControl "5400+30"]

1. e4 c5 2. Nf3 e6 3. b3 d6 4. Bb5+ Nd7 5. O-O a6 6. Bxd7+ {[%emt 0:00:10] B50: Sicilian: 2...d6, Miscellaneous.} Bxd7 7. Bb2 Nf6 8. e5 {[%emt 0:01:25] The position is equal.} dxe5 9. Nxe5 {[%emt 0:00:08] [#]} Bd6 $146 ({Predecessor:} 9... Be7 10. Nxd7 Qxd7 11. d3 O-O 12. Qf3 Rfd8 13. Nc3 Rac8 14. Qg3 Qc7 15. f4 Bf8 {0-1 Rivero Gil,C (1195)-Gonzalez Lopez,L (1612) ESP-ch U10 Salobrena 2022 (2)}) 10. d3 Bxe5 11. Bxe5 Bc6 {[%emt 0:00:06] Strongly threatening ...Qd5.} 12. Qe2 h5 (12... O-O $11) 13. Nd2 $14 Qd5 14. f4 Ng4 15. Nc4 $1 ({Much worse is} 15. Bxg7 Rg8 16. Bb2 Nxh2 $11) (15. c4 Qd7 $11) 15... Nxe5 16. fxe5 {[%emt 0:04:23] Nd6+ is the strong threat.} Ke7 17. Rf4 ({But not} 17. Qf2 $6 Qd4 $11) 17... Raf8 18. Re1 Rh6 (18... f5 $16) 19. Ne3 (19. Qf2 $18) 19... Qd7 20. Qf2 {[%emt 0:10:18] Threatens to win with Nc4. White is more active.} f5 21. Nc4 Qd5 $2 {[%emt 0:04:49] [#] Black cannot hold the game after this.} (21... Kf7 $16) 22. Qg3 $1 $18 Rg8 {[%emt 0:07:05] [#]} 23. Qg5+ $1 ({Worse is} 23. Nb6 Qd8 24. Qg5+ Kf7 25. Qxd8 Rxd8 $11) 23... Ke8 24. Nd6+ Kd7 25. Re3 Kc7 26. c4 {[%emt 0:02:36][%mdl 64] Trapped Piece} Qxg2+ 27. Qxg2 Bxg2 28. Kxg2 g5 29. Rf1 h4 {[%emt 0:01:40] [#]} 30. b4 $1 {[%emt 0:02:03][%mdl 64] Deflection} cxb4 31. d4 g4 (31... h3+ $142 32. Kf2 Rh4) 32. d5 {[%emt 0:00:22] White is clearly winning.} Kd7 33. Nxb7 Ke7 (33... Rc8 $142 34. Nd6 Rf8) 34. d6+ Kd7 35. Nc5+ {[%emt 0:00:15] Weighted Error Value: White=0.06 (flawless) /Black=0.38} 1-0

[Event "Saint Louis Super Swiss 2023"]
[Site "Saint Louis"]
[Date "2023.03.17"]
[Round "5.7"]
[White "Escalante Ramirez, Brian Sebasti"]
[Black "Moradiabadi, Elshan"]
[Result "1/2-1/2"]
[ECO "B30"]
[WhiteElo "2474"]
[BlackElo "2507"]
[Annotator "TA"]
[PlyCount "119"]
[EventDate "2023.03.12"]
[EventType "swiss"]
[EventCountry "USA"]
[TimeControl "5400+30"]

1. e4 c5 2. Nf3 d6 3. Nc3 e5 4. Bc4 Nc6 5. d3 Be7 6. Nd2 Nf6 7. Nf1 Bg4 8. f3 Be6 9. Ne3 O-O 10. O-O Nd7 {[%emt 0:09:22] 10...a6 gains popularity. B30: Sicilian: 2...Nc6 3 Bb5, lines without ...g6.} 11. Ned5 a6 12. a4 Rc8 {[%emt 0:11:23] White is slightly better.} 13. f4 exf4 14. Bxf4 Nde5 {[%emt 0:01:18] [#]} 15. Nxe7+ $146 ({Predecessor:} 15. Ba2 Bg5 16. Bg3 Nd4 17. Kh1 b5 18. axb5 axb5 19. Nb1 Bg4 20. Qe1 Nxc2 21. Qf2 Nxa1 22. Bxe5 dxe5 23. Nbc3 b4 {0-1 Ahmadzada,A (2431)-Tari,A (2639) Titled Tuesday intern op 22nd June blitz 2021 (5)}) 15... Nxe7 16. b3 Qd7 17. a5 Rce8 18. Na4 N5g6 19. Bg3 Nc8 20. Qh5 {[%emt 0:01:05] White is more active.} Kh8 21. h3 f6 22. Nb2 Ne5 23. Bxe6 Qxe6 24. Qf5 Qxf5 25. Rxf5 Ne7 26. Rff1 N7c6 27. Nc4 Rd8 28. Ne3 Kg8 29. Kf2 Kf7 30. Ke1 Ke6 31. Kd2 Rf7 32. Ra4 Ne7 33. b4 N7c6 34. Bxe5 Nxe5 35. Rb1 g6 36. c3 (36. g4 $16) 36... f5 $11 37. d4 cxd4 38. cxd4 Nd7 39. exf5+ gxf5 40. b5 f4 41. Nc2 Rg8 42. Ne1 (42. Re1+ $1 $11 Kf6 43. Re2) 42... Nf6 {[%emt 0:01:50] White must now prevent ...Ne4+.} 43. bxa6 bxa6 {[#] And now ...Ne4+ would win.} 44. Rab4 (44. d5+ $15 Nxd5 45. Re4+ Kf6 46. Rd4) 44... Rg5 45. Ra1 Ne4+ 46. Ke2 $1 Rg3 47. d5+ $1 {[%emt 0:01:54][%mdl 64] [#] Discovered Attack. The position is equal.} Kf5 48. Kf1 Nd2+ (48... Rb3 $5 49. Raa4 (49. Rxb3 Nd2+ 50. Kg1 Nxb3 $15) (49. g4+ fxg3 50. Rxb3 Nd2+ 51. Kg2 Nxb3 $17) 49... Rxb4 50. Rxb4 Re7 $15) 49. Kf2 Ne4+ 50. Kf1 Nd2+ (50... Rb3 $5 51. Raa4 (51. Rxb3 Nd2+ 52. Kg1 Nxb3 $15) (51. g4+ fxg3 52. Rxb3 Nd2+ 53. Kg2 Nxb3 $17) 51... Rxb4 52. Rxb4 Rc7 $15) 51. Ke2 Nb3 52. Raa4 Re3+ ({Don't play} 52... Re7+ 53. Kf2 Kg6 54. Rxf4 $14) 53. Kf2 Ke5 54. Ra3 Nc5 55. Rxe3+ fxe3+ 56. Kxe3 Kxd5 {[%emt 0:00:02] Strongly threatening ...Re7+.} 57. Nd3 Nxd3 58. Kxd3 Rg7 59. g4 h5 60. Rb6 {[%emt 0:00:31] Weighted Error Value: White=0.09 (flawless) /Black=0.08 (flawless)} 1/2-1/2